 Dungeon Crawl Stone Soup version 0.23.2-1-ga50397a (webtiles) character file.

Game seed: 3208505830672991623

197640 Fang the Warrior (level 18, -16/124 HPs)
             Began as a Gargoyle Berserker on May 31, 2019.
             Was the Champion of Trog.
             Killed from afar by a merfolk aquamancer (36 damage)
             ... with a shard of ice
             ... on level 1 of the Shoals.
             The game lasted 00:42:17 (31251 turns).

Fang the Warrior (Gargoyle Berserker)              Turns: 31251, Time: 00:42:18

Health: -16/124    AC: 41    Str: 34    XL:     18   Next: 41%
Magic:  18/18      EV: 15    Int: 17    God:    Trog [******]
Gold:   1477       SH:  3    Dex:  9    Spells: 17/17 levels left

rFire    . . .     SeeInvis +   F - +12 war axe "Jelly's Death Toll" {freeze, Str+4 Int+4}
rCold    . . .     Gourm    .   (no shield)
rNeg     + . .     Faith    .   b - +5 plate armour
rPois    ∞         Spirit   .   M - +0 helmet {SInv}
rElec    +         Reflect  +   (no cloak)
rCorr    +         Harm     .   (no gloves)
MR       +....                  z - +0 pair of boots of Spring {Int+6 Stlth+} (curse)
Stlth    ..........             u - +3 amulet of reflection
HPRegen  0.30/turn              t - ring of resist corrosion
MPRegen  0.16/turn              E - +1 ring of protection

@: berserk cooldown, flying, slowed, very slow
A: big wings, negative energy resistance 1, electricity resistance, unbreathing,
petrification resistance, rot immunity, AC +13
}: 1/15 runes: serpentine
a: Stop Flying, Berserk, Trog's Hand, Brothers in Arms, Renounce Religion


You were on level 1 of the Shoals.
You worshipped Trog.
Trog was exalted by your worship.
You were not hungry.

You visited 7 branches of the dungeon, and saw 30 of its levels.
You also visited: Gauntlet.

You collected 2558 gold pieces.
You spent 1081 gold pieces at shops.

Inventory:

Hand Weapons
 a - a +4 war axe of chaos
 d - the +2 battleaxe of Killer Klown's Regret {freeze, +Rage Int+3 Dex+2}
   (Trog gifted it to you on level 3 of the Snake Pit)

   It has been specially enchanted to freeze those struck by it, causing extra
   injury to most foes and up to half again as much damage against particularly
   susceptible opponents.
   It can also slow down cold-blooded creatures.
   It affects your intelligence (+3).
   It affects your dexterity (+2).
   It lets you go berserk.
 o - a +3 antimagic executioner's axe
 F - the +12 war axe "Jelly's Death Toll" (weapon) {freeze, Str+4 Int+4}
   (You acquired it on level 2 of the Lair of Beasts)

   It has been specially enchanted to freeze those struck by it, causing extra
   injury to most foes and up to half again as much damage against particularly
   susceptible opponents.
   It can also slow down cold-blooded creatures.
   It affects your strength (+4).
   It affects your intelligence (+4).
 L - a +3 executioner's axe of chopping
 O - a +2 battleaxe of chopping
 P - a +6 executioner's axe of electrocution
Armour
 b - a +5 plate armour (worn)
 z - the cursed +0 pair of boots of Spring (worn) {Int+6 Stlth+}
   (You found it in a Gauntlet)

   It affects your intelligence (+6).
   It makes you more stealthy.
   It has a curse placed upon it.
 M - a +0 helmet of see invisible (worn)
Jewellery
 f - a +5 ring of strength
 t - a ring of resist corrosion (left hand)
 u - a +3 amulet of reflection (around neck)
 E - a +1 ring of protection (right hand)
 G - an uncursed amulet of regeneration
 H - an uncursed amulet of rage
 R - an uncursed ring of protection from fire
Wands
 p - a wand of enslavement (20)
 s - a wand of iceblast (30)
 w - a wand of disintegration (30)
 x - a wand of acid (8)
 y - a wand of digging (15)
 B - a wand of random effects (81)
 C - a wand of polymorph (9)
 K - a wand of flame (23)
Scrolls
 g - 4 scrolls of remove curse
 h - 8 scrolls of fear
 j - 3 scrolls of blinking
 q - 5 scrolls of magic mapping
 r - 8 scrolls of teleportation
 A - 3 scrolls of fog
 I - 10 scrolls of identify
 Q - a scroll of summoning
Potions
 e - 11 potions of curing
 i - 2 potions of invisibility
 k - 3 potions of heal wounds
 l - 5 potions of haste
 m - 6 potions of might
 n - 3 potions of cancellation
 v - 2 potions of mutation
 D - 2 potions of agility
Comestibles
 c - 36 rations


   Skills:
 + Level 17.4 Fighting
 + Level 15.0 Axes
 + Level 17.3 Armour
 + Level 13.8 Dodging


You had 17 spell levels left.
You didn't know any spells.
Your spell library was empty.

Dungeon Overview and Level Annotations

Branches:
Dungeon (15/15)            Temple (1/1) D:7            Lair (6/6) D:10
 Shoals (1/4) Lair:4        Snake (4/4) Lair:3        Slime (0/5) Lair:5
    Orc (2/2) D:10            Elf (0/3) Orc:2        Vaults (0/5) D:13
 Depths (1/5) D:15

Altars:
Cheibriados
Dithmenos
Gozag
Makhleb
Nemelex Xobeh
Qazlal
Ru
Sif Muna
Trog
Uskayaw
Vehumet
Wu Jian
The Shining One
Jiyva
Lugonu

Shops:
D:5 [   D:6 [   Orc:2 %[*:%   Snake:1 !(*?   Snake:2 *   Snake:4 }

Portals:
Pandemonium: Orc:2

Annotations:
Lair:5 1 runed translucent door
Lair:6 exclusion: 4 oklob plants
Shoals:1 1 runed translucent door


Innate Abilities, Weirdness & Mutations

You are resistant to torment.
Your stone body is resilient. (AC +13)
You are immune to poison.
Your large and strong wings let you fly indefinitely.
You resist negative energy. (rN+)
You are resistant to electric shocks. (rElec)
You can survive without breathing.
You are immune to petrification.
You are immune to rotting.


Message History

You are exhausted.
You feel yourself slow down.
You are too injured to fight recklessly!
The merfolk aquamancer hits you but does no damage.
You slash the merfolk aquamancer! You freeze the merfolk aquamancer.
The merfolk aquamancer is almost dead.
The merfolk aquamancer casts a spell at you.
The ball of steam hits you!
* * * LOW HITPOINT WARNING * * *
You closely miss the merfolk aquamancer.
The merfolk aquamancer is almost dead.
You are engulfed in a cloud of scalding steam.
The merfolk aquamancer gestures at you while chanting.
The ball of steam misses you.
You barely miss the merfolk aquamancer.
The merfolk aquamancer is almost dead.
You are engulfed in a cloud of scalding steam.
The merfolk aquamancer points at you and mumbles some strange words.
The shard of ice hits you!!!
You die...

≈≈≈≈≈≈≈≈≈≈≈≈≈≈≈≈≈≈≈≈≈≈≈≈≈≈≈≈≈≈≈≈≈
≈≈...≈≈≈≈≈≈≈≈≈≈≈≈≈≈≈≈≈≈≈≈≈≈≈≈≈≈≈≈
PP....P≈≈≈≈≈≈≈≈≈≈≈≈≈≈≈≈≈≈≈≈≈≈≈≈≈≈
PP.#...P≈≈≈≈≈≈≈≈≈≈≈≈≈≈≈≈≈≈≈≈≈≈≈≈≈
........≈≈≈≈≈≈≈≈≈≈≈≈≈≈≈≈≈≈≈≈≈≈≈≈≈
P.P......≈≈≈≈≈≈≈≈≈.≈≈≈≈≈≈≈≈≈≈≈≈≈≈
PP.P.##..≈≈≈≈≈≈≈≈≈≈≈≈≈≈≈.≈≈≈≈≈≈≈≈
......#..≈≈≈≈≈≈.m≈≈≈≈≈≈≈≈..≈≈≈≈≈≈
..≈≈P....≈≈≈P≈..@≈≈≈≈≈≈≈≈≈≈≈≈≈≈≈≈
..≈≈≈≈≈≈≈≈≈≈≈...§.)).≈≈≈≈≈≈≈≈≈≈≈≈
P.P..P≈≈≈≈≈≈....§..^...≈≈≈≈≈≈≈≈≈≈
#.....≈P≈≈≈............≈≈≈≈≈≈≈≈≈≈
###.P..≈.....###.......≈≈≈≈≈≈≈≈≈≈
# ###..≈....##..........≈≈≈≈≈≈≈≈≈
#####..≈.≈####..##......≈≈≈≈≈≈≈≈≈
......≈≈### #... ###.......≈≈≈≈≈≈
.≈≈≈≈≈≈.# ...?. ##.......≈≈≈≈≈


You could see a merfolk aquamancer.

Vanquished Creatures
  Vashnia (Snake:3)
  Jorgrun (D:14)
  Asterion (Snake:3)
  12 nagarajas
  Aizul (Snake:2)
  A minotaur (Gauntlet)
  Azrael (D:13)
  Josephine (Orc:2)
  2 fire dragons (D:15)
  10 naga warriors
  A vault guard (D:13)
  4 hydras
  Fannar (Lair:3)
  3 merfolk aquamancers (Shoals:1)
  A catoblepas (Lair:6)
  2 centaur warriors
  6 two-headed ogres
  16 anacondas
  A deep troll shaman (Depths:1)
  A deep troll earth mage (Depths:1)
  Urug (Lair:3)
  20 naga sharpshooters
  4 orc high priests (Orc:2)
  7 shock serpents
  A soul eater (Orc:2)
  The ghost of Heh the Spear-Bearer, a novice MfGl of the Shining One (D:6)
  The ghost of IBeShadow the Magician, a novice GnSk of Cheibriados (D:6)
  An iron troll (Depths:1)
  A sixfirhy (Gauntlet)
  A deep troll (D:14)
  9 naga ritualists
  2 unseen horrors
  2 salamander mystics (Snake:4)
  5 sea snakes (Snake:2)
  A torturous demonspawn (Orc:2)
  3 gelid demonspawn (Orc:2)
  7 wizards
  4 orc knights (Orc:2)
  A mana viper (shapeshifter) (Gauntlet)
  A deep elf mage (D:12)
  A necromancer (Lair:6)
  The ghost of Lettuce2 the Chopper, a novice DsAK of Lugonu (D:6)
  2 manticores
  7 orc sorcerers (Orc:2)
  A cyclops (D:12)
  5 salamanders
  17 mana vipers
  9 ugly things
  3 centaur zombies
  4 merfolk sirens
  15 guardian serpents
  8 elephants
  26 black mambas
  15 naga magi
  A rust devil (Orc:2)
  2 gargoyles
  A guardian serpent (shapeshifter) (D:13)
  A water nymph (Shoals:1)
  A spiny frog (shapeshifter) (Gauntlet)
  A torpor snail (Lair:6)
  23 spiny frogs
  6 centaur skeletons
  6 komodo dragons
  A yaktaur (D:15)
  2 efreet
  A redback zombie (D:14)
  3 kobold demonologists (D:13)
  The ghost of Dmg11 the Fighter, an amateur MiFi (D:6)
  A hellwing (Orc:2)
  A tengu conjurer (D:15)
  2 merfolk
  7 trolls
  A red devil (Orc:2)
  3 tyrant leeches (Lair:6)
  15 blink frogs (Lair:6)
  7 hippogriffs
  8 dream sheep (Lair:6)
  A centaur simulacrum (D:15)
  4 redbacks (D:14)
  A ynoxinul (Orc:2)
  2 vampires
  11 yaks
  7 shadows
  Sigmund (D:3)
  3 basilisks
  A spriggan (D:10)
  6 wraiths
  5 wyverns
  3 fire elementals (D:13)
  7 hogs (Snake:4)
  9 vampire mosquitoes
  A hungry ghost (D:13)
  Edmund (D:6)
  The ghost of bande the Covered, an amateur GrFi (D:6)
  A soldier ant (D:13)
  42 nagas
  3 hell hounds (D:13)
  10 water moccasins
  9 porcupines
  Duvessa (D:5)
  A swamp drake (D:10)
  4 ice beasts
  25 orc warriors
  2 hornet zombies
  3 black bears
  A necrophage (D:11)
  3 sky beasts
  13 ogres
  An eye of draining (D:9)
  2 phantoms
  8 wolves
  6 centaurs
  15 crocodiles
  2 big kobolds
  Blork the orc (D:6)
  24 bullfrogs
  A wyvern zombie (D:12)
  Dowan (D:5)
  4 scorpions
  A wyvern skeleton (D:13)
  2 howler monkeys
  7 wights
  5 electric eels
  5 crimson imps
  A quasit (D:11)
  6 hounds
  5 jellies
  23 orc priests
  21 orc wizards
  3 bullfrog skeletons
  5 iguanas
  2 polar bear simulacra (Lair:6)
  8 worker ants
  2 yak simulacra (Lair:6)
  2 wolf simulacra (Lair:6)
  2 hound skeletons
  A worker ant zombie (D:10)
  3 gnolls (D:5)
  16 adders
  4 shadow imps
  4 ufetubi (Gauntlet)
  2 oozes (D:3)
  2 adder zombies
  An adder skeleton (D:5)
  2 worms
  A dart slug (D:1)
  3 leopard geckos
  86 orcs
  6 giant cockroaches
  4 goblins
  6 hobgoblins
  4 jackals
  21 kobolds
  4 quokkas
  A ball python (D:2)
  5 bats
  5 frilled lizards
  A giant cockroach zombie (D:6)
  2 jackal zombies (D:5)
  A leopard gecko skeleton (D:5)
  6 rats
  5 river rat simulacra (Lair:6)
  6 fungi
  6 plants
904 creatures vanquished.

Vanquished Creatures (collateral kills)
  A hydra (Lair:2)
  A two-headed ogre (D:13)
  A deep troll (D:15)
  3 elephants (Lair:2)
  A gargoyle (D:13)
  A kobold demonologist (D:13)
  A basilisk (Lair:2)
  A bullfrog (Lair:6)
  A wight (D:13)
  An electric eel (Lair:6)
  A plant (Lair:2)
13 creatures vanquished.

Vanquished Creatures (others)
  Kirke (Snake:4)
  A tengu warrior (D:15)
  2 orc wizards
  A demonic plant (Gauntlet)
  15 fungi
  37 plants
57 creatures vanquished.

Grand Total: 974 creatures vanquished

Notes
Turn   | Place    | Note
-------+----------+-------------------------------------------
     0 | D:1      | Fang the Gargoyle Berserker began the quest for the Orb.
     0 | D:1      | Reached XP level 1. HP: 14/14 MP: 1/1
   171 | D:1      | Reached XP level 2. HP: 19/19 MP: 2/2
   614 | D:2      | Found a sparkling altar of Nemelex Xobeh.
   756 | D:2      | Reached XP level 3. HP: 23/23 MP: 3/3
   826 | D:2      | Reached ** piety under Trog
  1208 | D:3      | Reached XP level 4. HP: 24/29 MP: 4/4
  1242 | D:3      | Found a faded altar of an unknown god.
  1608 | D:3      | Noticed Sigmund
  1645 | D:3      | Killed Sigmund
  1645 | D:3      | Reached XP level 5. HP: 34/34 MP: 5/5
  1645 | D:3      | Reached XP level 6. HP: 39/39 MP: 6/6
  1926 | D:4      | Found a stormy altar of Qazlal.
  1996 | D:4      | Reached skill level 5 in Fighting
  2071 | D:4      | Reached XP level 7. HP: 44/44 MP: 7/7
  2686 | D:5      | Entered Level 5 of the Dungeon
  2714 | D:5      | Reached *** piety under Trog
  2829 | D:5      | Reached skill level 5 in Armour
  3359 | D:5      | Reached XP level 8. HP: 51/51 MP: 8/8
  3480 | D:5      | Reached skill level 5 in Axes
  3879 | D:5      | Found Paerph's Armour Emporium.
  3920 | D:5      | Noticed Duvessa
  3929 | D:5      | Noticed Dowan
  3931 | D:5      | Killed Duvessa
  3936 | D:5      | Killed Dowan
  4242 | D:6      | Found a runed translucent gate.
  4242 | D:6      | Found a runed translucent gate.
  4260 | D:6      | Found a runed translucent gate.
  4262 | D:6      | Noticed bande's ghost (amateur GrFi)
  4262 | D:6      | Noticed Heh's ghost (novice MfGl)
  4264 | D:6      | Noticed Dmg11's ghost (amateur MiFi)
  4264 | D:6      | Noticed Lettuce2's ghost (novice DsAK)
  4264 | D:6      | Noticed IBeShadow's ghost (novice GnSk)
  4345 | D:6      | Noticed Blork the orc
  4356 | D:6      | Killed Blork the orc
  4356 | D:6      | Reached **** piety under Trog
  4508 | D:6      | Reached XP level 9. HP: 40/56 MP: 9/9
  4685 | D:6      | Found a radiant altar of Vehumet.
  4685 | D:6      | Found a burning altar of Makhleb.
  4686 | D:6      | Found a shadowy altar of Dithmenos.
  4747 | D:6      | Found a glowing golden altar of the Shining One.
  4799 | D:6      | Found Gecountost's Armour Emporium.
  4866 | D:6      | Noticed Edmund
  4886 | D:6      | Killed Edmund
  4886 | D:6      | Reached skill level 5 in Dodging
  5771 | D:7      | Found a staircase to the Ecumenical Temple.
  5948 | Temple   | Entered the Ecumenical Temple
  6034 | D:8      | Found a bloodstained altar of Trog.
  6108 | D:8      | Noticed a two-headed ogre
  6121 | D:8      | Killed a two-headed ogre
  6121 | D:8      | Reached XP level 10. HP: 37/65 MP: 10/10
  6742 | D:9      | Got an encrusted leather armour
  6753 | D:9      | Identified the cursed +1 leather armour "Asene" {rElec
                  | Str+6 Dex-3} (You found it on level 9 of the Dungeon)
  6978 | D:9      | Found a deep blue altar of Sif Muna.
  6978 | D:9      | Found a hide-covered altar of Uskayaw.
  7452 | D:9      | Found a sacrificial altar of Ru.
  7654 | D:10     | Entered Level 10 of the Dungeon
  7667 | D:10     | Reached ***** piety under Trog
  7696 | D:10     | Noticed a two-headed ogre
  8128 | D:10     | Killed a two-headed ogre
  8128 | D:10     | Reached XP level 11. HP: 30/71 MP: 11/11
  9018 | D:10     | Found a staircase to the Lair.
  9118 | D:10     | Found a staircase to the Orcish Mines.
  9417 | D:11     | Reached skill level 10 in Fighting
  9426 | D:11     | Noticed a purple ugly thing
  9435 | D:11     | Killed a purple ugly thing
  9663 | D:11     | Noticed a manticore
  9675 | D:11     | Killed a manticore
  9675 | D:11     | Reached skill level 10 in Armour
  9717 | D:11     | Found an opulent altar of Gozag.
  9881 | D:11     | Killed an unseen horror
 10167 | D:11     | Noticed a two-headed ogre
 10175 | D:11     | Killed a two-headed ogre
 10369 | D:12     | Noticed a deep elf mage
 10369 | D:12     | Noticed a cyclops
 10376 | D:12     | Killed a deep elf mage
 10381 | D:12     | Killed a cyclops
 10587 | D:12     | Noticed a two-headed ogre
 10597 | D:12     | Killed a two-headed ogre
 10805 | D:12     | Reached XP level 12. HP: 79/79 MP: 12/12
 10872 | D:12     | Noticed a two-headed ogre
 10883 | D:12     | Killed a two-headed ogre
 10883 | D:12     | Received a gift from Trog
 11650 | D:12     | Found a corrupted altar of Lugonu.
 11868 | Lair:1   | Entered Level 1 of the Lair of Beasts
 12492 | Lair:2   | Noticed a six-headed hydra
 12497 | Lair:2   | Reached skill level 10 in Axes
 12508 | Lair:2   | Killed an eight-headed hydra
 13276 | Lair:2   | Noticed a six-headed hydra
 13287 | Lair:2   | Killed a 12-headed hydra
 13315 | Lair:2   | Identified a scroll of acquirement
 13318 | Lair:2   | Got a sapphire war axe
 13319 | Lair:2   | Identified the +12 war axe "Jelly's Death Toll" {freeze,
                  | Str+4 Int+4} (You acquired it on level 2 of the Lair of
                  | Beasts)
 13512 | Lair:2   | Noticed a six-headed hydra
 13519 | Lair:2   | Killed a ten-headed hydra
 13519 | Lair:2   | Reached XP level 13. HP: 86/86 MP: 13/13
 13637 | Lair:2   | Reached ****** piety under Trog
 13857 | Lair:3   | Noticed Urug
 13871 | Lair:3   | Killed Urug
 13883 | Lair:3   | Noticed Fannar
 13891 | Lair:3   | Killed Fannar
 13891 | Lair:3   | Received a gift from Trog
 14161 | Lair:3   | Found a staircase to the Snake Pit.
 15221 | Lair:4   | Found a staircase to the Shoals.
 15615 | Shoals:1 | Entered Level 1 of the Shoals
 15831 | Lair:5   | Found a runed translucent door.
 15831 | Lair:5   | Found a viscous altar of Jiyva.
 15831 | Lair:5   | Found a staircase to the Slime Pits.
 15831 | Lair:5   | Noticed an acid blob
 16536 | Lair:6   | Entered Level 6 of the Lair of Beasts
 16565 | Lair:6   | Reached skill level 10 in Dodging
 17106 | Lair:6   | Gained mutation: Your large and strong wings let you fly
                  | indefinitely. [Gargoyle growth]
 17106 | Lair:6   | Reached XP level 14. HP: 72/94 MP: 14/14
 17276 | Lair:6   | Received a gift from Trog
 18918 | D:13     | Noticed Azrael
 18929 | D:13     | Received a gift from Trog
 18932 | D:13     | Killed Azrael
 19488 | D:13     | Found a gate to the Vaults.
 19599 | D:14     | Found a snail-covered altar of Cheibriados.
 19695 | D:14     | Reached XP level 15. HP: 92/100 MP: 15/15
 19829 | D:14     | Found a gate leading to a gauntlet.
 19848 | Gauntlet | Entered a Gauntlet
 19848 | Gauntlet | Found a transporter.
 19857 | Gauntlet | Found a transporter.
 19859 | Gauntlet | Found a transporter.
 19877 | Gauntlet | Found a transporter.
 19879 | Gauntlet | Found a transporter.
 19895 | Gauntlet | Found a transporter.
 19915 | Gauntlet | Found a transporter.
 19925 | Gauntlet | Found a transporter.
 19935 | Gauntlet | Found a transporter.
 19952 | Gauntlet | Found a transporter.
 19970 | Gauntlet | Found a transporter.
 19971 | Gauntlet | Found a transporter.
 20063 | Gauntlet | Found a transporter.
 20098 | Gauntlet | Got a pair of translucent boots
 20104 | Gauntlet | Identified the cursed +0 pair of boots of Spring {Int+6
                  | Stlth+} (You found it in a Gauntlet)
 20326 | D:14     | Noticed Jorgrun
 20343 | D:14     | Killed Jorgrun
 20605 | D:14     | Received a gift from Trog
 20776 | D:15     | Entered Level 15 of the Dungeon
 21497 | D:6      | Bought a +0 helmet of see invisible for 161 gold pieces
 21543 | D:6      | Killed Lettuce2's ghost
 21546 | D:6      | Killed IBeShadow's ghost
 21548 | D:6      | Killed Dmg11's ghost
 21549 | D:6      | Killed Heh's ghost
 21551 | D:6      | Killed bande's ghost
 21839 | D:15     | Found an opulent altar of Gozag.
 21900 | D:15     | Found a staircase to the Depths.
 22501 | Depths:1 | Entered Level 1 of the Depths
 22539 | D:15     | HP: 5/101 [deep troll (5)]
 23044 | Orc:1    | Entered Level 1 of the Orcish Mines
 23128 | Orc:2    | Entered Level 2 of the Orcish Mines
 23195 | Orc:2    | Found Ygretuv's General Store.
 23205 | Orc:2    | Found Cugog's Food Emporium.
 23223 | Orc:2    | Received a gift from Trog
 23225 | Orc:2    | Reached skill level 15 in Fighting
 23601 | Orc:2    | Noticed Josephine
 23618 | Orc:2    | Killed Josephine
 23721 | Orc:2    | Found a staircase to the Elven Halls.
 23809 | Orc:2    | Found Aclew's Food Shop.
 24253 | Orc:2    | Reached skill level 15 in Armour
 24314 | Orc:2    | Reached XP level 16. HP: 37/108 MP: 16/16
 24643 | Orc:2    | Found Nyj Zics's Book Boutique.
 24643 | Orc:2    | Found Unulag's Antique Armour Shop.
 24643 | Orc:2    | Paralysed by an orc sorcerer for 5 turns
 24650 | Orc:2    | Found a one-way gate leading to the halls of Pandemonium.
 24911 | Snake:1  | Entered Level 1 of the Snake Pit
 24944 | Snake:1  | Found Tosuzuaci's Distillery.
 24946 | Snake:1  | Found Cupp's General Store.
 24946 | Snake:1  | Found Roadaczo's Antique Weapon Boutique.
 24955 | Snake:1  | Found Inkidadgh's Magic Scroll Shop.
 25664 | Snake:1  | Received a gift from Trog
 25992 | Snake:2  | Found an ornate altar of the Wu Jian Council.
 26017 | Snake:2  | Noticed a nagaraja
 26020 | Snake:2  | Found Laxzeth's Assorted Antiques.
 26026 | Snake:2  | Killed a nagaraja
 26097 | Snake:2  | Bought the +3 robe of Clouds {+Thunder rCloud rElec} for
                  | 920 gold pieces
 26097 | Snake:2  | Found the +3 robe of Clouds {+Thunder rCloud rElec}
 26599 | Snake:2  | Noticed Aizul
 26607 | Snake:2  | Killed Aizul
 27317 | Snake:3  | Reached XP level 17. HP: 114/115 MP: 17/17
 27345 | Snake:3  | Received a gift from Trog
 27352 | Snake:3  | Got a crude battleaxe {god gift}
 27353 | Snake:3  | Identified the +2 battleaxe of Killer Klown's Regret
                  | {freeze, +Rage Int+3 Dex+2} (Trog gifted it to you on level
                  | 3 of the Snake Pit)
 27399 | Snake:3  | Noticed Asterion
 27419 | Snake:3  | Killed Asterion
 27614 | Snake:3  | Noticed Vashnia
 27643 | Snake:3  | Killed Vashnia
 28433 | Snake:4  | Entered Level 4 of the Snake Pit
 29027 | Snake:4  | Found Posuif's Gadget Emporium.
 29193 | Snake:4  | Received a gift from Trog
 29471 | Snake:4  | Reached XP level 18. HP: 53/123 MP: 18/18
 29610 | Snake:4  | Received a gift from Trog
 29757 | Snake:4  | Noticed Kirke
 29776 | Snake:4  | Killed Kirke
 30202 | Snake:4  | Reached skill level 15 in Axes
 30756 | Snake:4  | Got a serpentine rune of Zot
 31126 | Shoals:1 | Found a runed translucent door.
 31251 | Shoals:1 | Killed from afar by a merfolk aquamancer

Skill      XL: |  1  2  3  4  5  6  7  8  9 10 11 12 13 14 15 16 17 18 |
---------------+-------------------------------------------------------+-----
Axes           | 3 4 5 7 8 9 10 11 12 13 14 15 | 15.0
Dodging        | 2 3 4 6 7 8 9 10 11 12 13 | 13.8
Armour         | 3 4 5 6 8 9 10 11 12 14 15 16 17 | 17.3
Fighting       | 4 5 6 8 9 10 12 13 14 15 16 17 | 17.4

Action                   |  1- 3 |  4- 6 |  7- 9 | 10-12 | 13-15 | 16-18 || total
-------------------------+-------+-------+-------+-------+-------+-------++-------
Melee: Hand axe          |   117 |    82 |       |       |       |       ||   199
       War axe           |       |    54 |   398 |   412 |   925 |   824 ||  2613
       Battleaxe         |       |       |       |   140 |       |       ||   140
Invok: Berserk           |       |     3 |     7 |    13 |    10 |     6 ||    39
       Brothers in Arms  |       |       |       |     1 |     3 |       ||     4
       Trog's Hand       |       |       |       |       |     1 |     2 ||     3
 Abil: Fly               |       |       |       |       |     1 |       ||     1
  Use: Scroll            |       |       |    19 |    10 |    15 |     3 ||    47
       Potion            |       |       |       |       |     2 |     4 ||     6
  Eat: Chunk             |     1 |     5 |    20 |    33 |    30 |    20 ||   109
       Ration            |       |       |       |     1 |     5 |     3 ||     9
Armor: Animal skin       |    21 |       |       |       |       |       ||    21
       Plate armour      |    46 |    89 |   306 |   530 |   621 |   559 ||  2151
       Leather armour    |       |       |       |    17 |       |       ||    17
Dodge: Dodged            |    80 |    53 |   194 |   422 |   507 |   468 ||  1724
Block: Other             |       |       |    33 |    80 |   110 |    71 ||   294
       Reflection        |       |       |     1 |       |     2 |     8 ||    11
